 Dungeon Crawl Stone Soup version 0.20.0-8-g6b59dc7 (webtiles) character file.

68 Chiseanne the Magician (level 4, 28/30 HPs)
             Began as a Demonspawn Wizard on May 30, 2017.
             Quit the game on level 2 of the Dungeon.
             The game lasted 00:04:19 (2492 turns).

Chiseanne the Magician (Demonspawn Wizard)          Turns: 2492, Time: 00:04:20

Health: 28/30      AC:  6    Str:  7    XL:     4   Next: 1%
Magic:  4/9        EV: 12    Int: 20    God:
Gold:   34         SH:  0    Dex: 12    Spells: 1/10 levels left

rFire    + . .     SeeInvis .   h - +0 short sword
rCold    . . .     Gourm    .   (no shield)
rNeg     . . .     Faith    .   a - +0 robe
rPois    .         Spirit   .   b - +0 hat
rElec    .         Reflect  .   (no cloak)
rCorr    .         Harm     .   (no gloves)
MR       .....                  r - +0 pair of boots
Stlth    ++........             (no amulet)
Regen    0.1/turn               n - ring of protection from fire
MPRegen  0.2/turn               (no ring)

@: very slightly contaminated
A: talons 1, yellow scales 2
a: no special abilities


You were on level 2 of the Dungeon.
You were not hungry.

You visited 1 branch of the dungeon, and saw 2 of its levels.

You collected 34 gold pieces.

Inventory:

Hand Weapons
 h - a +0 short sword (weapon)
Missiles
 g - 4 stones (quivered)
 p - 18 arrows
 q - 16 poisoned needles
Armour
 a - a +0 robe (worn)
 b - a +0 hat (worn)
 r - a +0 pair of boots (worn)
Jewellery
 n - a ring of protection from fire (left hand)
Scrolls
 e - 4 scrolls of teleportation
 f - a scroll of enchant weapon {unknown}
 j - a scroll of recharging {unknown}
 o - a scroll of amnesia {unknown}
Potions
 k - 2 potions of haste
Books
 c - a book of Minor Magic

   Spells                             Type                      Level
   a - Magic Dart                     Conjuration                  1
   b - Blink                          Translocation                2
   c - Call Imp                       Summoning                    2
   d - Slow                           Hexes                        2
   e - Conjure Flame                  Conjuration/Fire             3
   f - Mephitic Cloud                 Conjuration/Poison/Air       3
Comestibles
 d - 2 bread rations
 i - a meat ration
 l - a royal jelly
 m - a fruit
 s - a chunk of flesh


   Skills:
 - Level 1.7 Dodging
 - Level 1.7 Stealth
 * Level 3.8 Spellcasting
 * Level 2.8 Conjurations
   Level 1.0 Summonings
 - Level 0.8 Translocations


You had one spell level left.
You knew the following spells:

 Your Spells              Type           Power        Failure   Level  Hunger
a - Magic Dart            Conj           ###.         4%          1    None
b - Blink                 Tloc           N/A          14%         2    ##.....
c - Conjure Flame         Conj/Fire      #.......     22%         3    ###....
d - Mephitic Cloud        Conj/Pois/Air  #.......     26%         3    ###....


Dungeon Overview and Level Annotations

Branches:
Dungeon (2/15)

Altars:


Innate Abilities, Weirdness & Mutations

You have sharp toenails.
You are mostly covered in yellow scales. (AC +3)


Message History

You are very lightly contaminated with residual magic.
You smell something strange.
Casting: Magic Dart
Confirm with . or Enter, or press ? or * to list all spells.
Aiming: Magic Dart
Press: ? - help, Shift-Dir - straight line, f/p - dart slug
Aim: a dart slug (severely wounded)
The magic dart hits the dart slug.
The dart slug is severely wounded.
Casting: Magic Dart
Confirm with . or Enter, or press ? or * to list all spells.
Aiming: Magic Dart
Press: ? - help, Shift-Dir - straight line, f/p - dart slug
Aim: a dart slug (severely wounded)
The magic dart hits the dart slug.
You kill the dart slug!
You have reached level 4!
You feel agile.
Your demonic ancestry asserts itself...
Your toenails lengthen and sharpen.
Are you sure you want to abandon this character and quit the game? (Confirm with "yes".)

.........'...........###.........
.........#.......###.........####
.........#..................##
............................#
............###.............#
............#####+##.##........
.....................#.........
....................#####......
............w...@...###.........
.........#............#........#
.........#.......................
##....w....########+.......#...[.
#..........# #.<...........
#......P...... #.............
#.#........... #.............
#.#....P....... #.>....#......
#w#............ #.....).......


You could see a worm.

Vanquished Creatures
  A hound skeleton (D:2)
  An ooze (D:2)
  An adder zombie (D:2)
  2 dart slugs
  A leopard gecko (D:1)
  A bat zombie (D:2)
  A giant cockroach (D:1)
  4 goblins
  7 hobgoblins
  3 jackals (D:1)
  4 kobolds
  2 ball pythons (D:2)
  A ball python zombie (D:2)
  7 bats
  2 frilled lizards (D:1)
  A giant cockroach zombie (D:2)
  3 rats (D:1)
42 creatures vanquished.

Notes
Turn   | Place    | Note
-------+----------+-------------------------------------------
     0 | D:1      | Chiseanne the Demonspawn Wizard began the quest for the Orb.
     0 | D:1      | Reached XP level 1. HP: 13/13 MP: 4/4
   686 | D:1      | Gained mutation: You are partially covered in yellow scales. (AC +2) [demonic ancestry]
   686 | D:1      | Reached XP level 2. HP: 15/19 MP: 1/6
  1535 | D:1      | Gained mutation: You are mostly covered in yellow scales. (AC +3) [demonic ancestry]
  1535 | D:1      | Reached XP level 3. HP: 24/24 MP: 5/7
  2471 | D:1      | Learned a level 2 spell: Blink
  2475 | D:1      | Learned a level 3 spell: Conjure Flame
  2479 | D:1      | Learned a level 3 spell: Mephitic Cloud
  2491 | D:2      | Gained mutation: You have sharp toenails. [demonic ancestry]
  2491 | D:2      | Reached XP level 4. HP: 28/30 MP: 4/9
  2492 | D:2      | Quit the game

Skill      XL: |  1  2 |
---------------+-------+-----
Conjurations   | 2 |  2.8
Dodging        | |  1.7
Stealth        | |  1.7
Spellcasting   | |  3.8
Summonings     | |  1.0
Translocations | |  0.8

Action                   |  1- 3 |  4- 6 || total
-------------------------+-------+-------++-------
Melee: Unarmed           |    10 |       ||    10
       Short sword       |    25 |       ||    25
 Cast: Magic Dart        |   119 |     1 ||   120
  Use: Scroll            |     3 |       ||     3
  Eat: Chunk             |     5 |       ||     5
Armor: Robe              |    19 |       ||    19
Dodge: Dodged            |    42 |       ||    42
